 Dungeon Crawl Stone Soup version 0.32-a0-350-g4f4d228785 (webtiles) character file.

Game seed: 11022539324962219719

216 ragingrage the Chopper (level 5, -2/35 (41) HPs)
             Began as a Mountain Dwarf Reaver on Feb 18, 2024.
             Was a Follower of Beogh.
             Slain by an iguana (11 damage)
             ... on level 4 of the Dungeon.
             The game lasted 00:03:05 (3356 turns).

ragingrage the Chopper (Mountain Dwarf Reaver)      Turns: 3356, Time: 00:03:05

HP:   -2/35 (41)    AC:  3    Str: 15    XL:     5   Next: 61%
MP:   7/7           EV: 10    Int: 15    God:    Beogh [*.....]
Gold: 35            SH:  4    Dex:  8    Spells: 3/7 levels left

rFire   . . .        e - +1 flail (drain)
rCold   . . .        h - +1 buckler
rNeg    . . .        b - +0 leather armour
rPois   .            (no helmet)
rElec   .            (no cloak)
rCorr   .            (no gloves)
SInv    .            (no boots)
Will    .....        (no amulet)
Stlth   +            (no ring)
HPRegen 0.25/turn    (no ring)
MPRegen 0.10/turn

%: no passive effects
@: heavily drained
A: runic magic, artefact enchanting
a: Renounce Religion


You were on level 4 of the Dungeon.
You worshipped Beogh.
Beogh was aware of your devotion.
You visited 1 branch of the dungeon, and saw 4 of its levels.

You collected 233 gold pieces.
You spent 198 gold pieces at shops.

Inventory:

Hand Weapons
 a - a +0 hand axe
 e - a +1 flail of draining (weapon)
 o - a +0 sling
Armour
 b - a +0 leather armour (worn)
 h - a +1 buckler (worn)
Scrolls
 d - a scroll of blinking {unknown}
 f - a scroll of enchant armour
 g - 2 scrolls of identify {unknown}
 i - a scroll of revelation {unknown}
 j - a scroll of teleportation {unknown}
 k - a scroll of enchant weapon {unknown}
 n - a scroll of immolation {unknown}
Potions
 c - a potion of brilliance {unknown}
 l - a potion of enlightenment {unknown}
 m - 5 potions of curing
 q - a potion of might
 r - 2 potions of attraction
 s - a potion of degeneration {unknown}


   Skills:
 - Level 2.1 Fighting
 - Level 4.6(5.0) Axes
 + Level 2.8(4.1) Maces & Flails
 - Level 1.3 Dodging
 + Level 1.2 Shields
 - Level 1.7 Spellcasting
 + Level 3.3 Conjurations
 - Level 2.0 Necromancy
 + Level 2.6 Earth Magic


You had 3 spell levels left.
You knew the following spells:

 Your Spells              Type           Power      Damage    Failure   Level
a - Kiss of Death         Conj/Necr      36%        2d8       11%         1
b - Stone Arrow           Conj/Erth      20%        3d8       28%         3

Your spell library contained the following spells:

 Spells                   Type           Power      Damage    Failure   Level
 Momentum Strike          Conj/Tloc      12%        3d8       24%         2
 Hailstorm                Conj/Ice       6%         3d5       43%         3
 Gell's Gravitas          Tloc           1%         N/A       67%         3
 Teleport Other           Tloc           1%         N/A       67%         3
 Animate Armour           Summ/Erth      10%        N/A       88%         4
 Dispersal                Tloc           0%         N/A       100%        6
 Lehudib's Crystal Spear  Conj/Erth      5%         10d3      100%        8


Dungeon Overview and Level Annotations

Branches:
Dungeon (4/15)
 Temple: D:4-7

Altars:
Uskayaw

Shops:
D:3 !


Innate Abilities, Weirdness & Mutations

Your spellcasting is much less encumbered by armour.
You can use scrolls of enchantment on lesser artefacts.


Message History

You closely miss something. Something hits you but does no damage.
You feel better. Something hits you.
You hit something but do no damage. Something hits you.
* * * LOW HITPOINT WARNING * * *
You miss something.
You hear some strange, mumbled words.
Something tries to affect you, but you resist.
Something hits you.
* * * LOW HITPOINT WARNING * * *
You feel much better. Something hits you but does no damage.
You miss something. Something hits you.
You miss something. Something hits you but does no damage.
You hit something.
Reactivating autopickup.
You feel a bit more experienced.
Items here: )) [ †.
A hound comes into view.
A hound is nearby!
A hound is nearby!
A hound is nearby!
You sock the hound! You drain the hound.
The hound bites you but does no damage.
You hit the hound.
You kill the hound!
Your Shields skill increases to level 1!
An iguana comes into view.
The iguana hisses angrily.
You barely miss the iguana. The iguana bites you!
You closely miss the iguana. The iguana barely misses you.
You closely miss the iguana. The iguana bites you.
The iguana barely misses you.
You closely miss the iguana. The iguana barely misses you.
You barely miss the iguana. The iguana barely misses you.
You barely miss the iguana. The iguana bites you!
You hit the iguana. The iguana bites you.
* * * LOW HITPOINT WARNING * * *
You barely miss the iguana. The iguana closely misses you.
The iguana barely misses you.
You sock the iguana! The iguana bites you!
You die...

#.# ##.## #.#
#.### #.# #...#
#.# ###.# #.#
#.# #.# #.#
#####.#######.#
##.......l..$...
#........@##....
#.#.###......# .
# ###.#### #.#
#.# #.# #.. ###


You could see an iguana.

Vanquished Creatures
  A hound (D:4)
  2 orc wizards (D:4)
  2 adders
  3 dart slugs
  A ribbon worm (D:2)
  3 orcs
  7 ball pythons
  6 bats
  7 endoplasms
  2 giant cockroaches
  6 goblins
  4 hobgoblins
  2 jackals (D:3)
  3 kobolds
  2 quokkas
  8 frilled lizards
  4 rats
63 creatures vanquished.

Notes
Turn   | Place    | Note
-------+----------+-------------------------------------------
     0 | D:1      | ragingrage the Mountain Dwarf Reaver began the quest for
                  | the Orb.
     0 | D:1      | Reached XP level 1. HP: 17/17 MP: 3/3
    61 | D:1      | Reached skill level 4 in Axes
    94 | D:1      | Reached XP level 2. HP: 21/24 MP: 4/4
   154 | D:1      | Reached skill level 1 in Necromancy
   304 | D:1      | Reached XP level 3. HP: 24/25 MP: 5/5
   308 | D:1      | Learned a level 3 spell: Stone Arrow
  1084 | D:2      | Reached skill level 1 in Maces & Flails
  1271 | D:2      | Became a worshipper of Beogh the Shepherd
  1298 | D:2      | Reached skill level 1 in Earth Magic
  1505 | D:2      | Reached XP level 4. HP: 21/36 MP: 6/6
  1707 | D:2      | Found a faded altar of an unknown god.
  2226 | D:3      | Found a hide-covered altar of Uskayaw.
  2537 | D:3      | Found Plog's Distillery.
  2546 | D:3      | Bought a potion of curing for 33 gold pieces
  2546 | D:3      | Bought a potion of heal wounds for 55 gold pieces
  2546 | D:3      | Bought a potion of might for 44 gold pieces
  2546 | D:3      | Bought 2 potions of attraction for 66 gold pieces
  2702 | D:3      | Reached * piety under Beogh
  3299 | D:4      | Reached XP level 5. HP: 16/31 MP: 4/7
  3344 | D:4      | Reached skill level 1 in Shields
  3356 | D:4      | Slain by an iguana

Illustrated notes

Levels and vault maps discovered:
D:1:      lightli_arrival_isolated_outpost, layout_loops_ring, serial_rivers,
          chequers_serial_rivers_room_a, chequers_serial_rivers_small_a,
          chequers_serial_rivers_micro_e, chequers_serial_rivers_small_3,
          chequers_serial_rivers_small_3, minmay_door_square,
          amcnicky_mini_pool_small, minmay_vboxes
D:2:      cheibrodos_pilgrimage, layout_basic,
          shapermc_ecumenical_altar_totnotflames
D:3:      layout_basic, amcnicky_altar_gilded, serial_shops,
          nicolae_shop_industrial_runoff, minmay_misc_feat_hallway
D:4:      layout_loops_ring, evilmike_ruin_ashenzari,
          mainiacjoe_overflow_surrounded_room, minmay_temple_entry_poolview,
          nicolae_hexahallways

Skill      XL: |  1  2  3  4  5 |
---------------+----------------+-----
Axes           | 4 |  4.6
Necromancy     | 1 2 |  2.0
Maces & Flails | 1 2 |  2.8
Earth Magic    | 1 2 |  2.6
Conjurations   | 3 |  3.3
Shields        | 1 |  1.2
Fighting       | |  2.1
Dodging        | |  1.3
Spellcasting   | |  1.7

Action                     |  1- 3 |  4- 6 || total
---------------------------+-------+-------++-------
  Melee: Hand axe          |    60 |       ||    60
         Flail             |    61 |   101 ||   162
   Cast: Kiss of Death     |     1 |     2 ||     3
 Invoke: Convert to Beogh  |     1 |       ||     1
    Use: Potion            |       |     3 ||     3
         Scroll            |       |     1 ||     1
 Armour: Leather armour    |    71 |    84 ||   155
  Dodge: Dodged            |    77 |    44 ||   121
  Block: Buckler           |     7 |     8 ||    15

Table legend: (Time is in decaauts)
 A = Elapsed time spent in this place.
 B = Non-inter-level travel time spent in this place.
 C = Inter-level travel time spent in this place.
 D = Time resting spent in this place.
 E = Time spent auto-exploring this place.
 F = Levels seen in this place.
 G = Mean time per level.
                   A        B        C        D        E       F      G
               +--------+--------+--------+--------+--------+-----+--------+
         Total |   3433 |   3231 |    202 |    185 |   2468 |   4 |  858.2 |
       Dungeon |   3433 |   3231 |    202 |    185 |   2468 |   4 |  858.2 |
               +--------+--------+--------+--------+--------+-----+--------+

Top non-repeatable levels by time:
     D:2: 1154 daAuts
     D:1: 1112 daAuts
     D:3: 952 daAuts
     D:4: 214 daAuts
